 Dungeon Crawl Stone Soup version 0.28.0-53-g5a82cb258f (webtiles) character file.

Game seed: 9998997688600529273

26 protoss039 the Digger (level 2, -4/19 HPs)
             Began as a Demonspawn Earth Elementalist on Aug 31, 2022.
             Killed from afar by Ijyb (19 damage)
             ... with an iceblast
             ... on level 2 of the Dungeon.
             The game lasted 00:05:11 (1417 turns).

protoss039 the Digger (DsEE)                        Turns: 1417, Time: 00:05:11

Health: -4/19      AC:  3    Str:  8    XL:     2   Next: 89%
Magic:  4/5        EV: 12    Int: 23    God:
Gold:   29         SH:  0    Dex: 19    Spells: 2/5 levels left

rFire   . . .      SeeInvis .   d - +0 spear
rCold   x . .      Faith    .   (no shield)
rNeg    . . .      Spirit   .   g - +0 leather armour of Misanthropy {Fly rC- Int+5}
rPois   .          Reflect  .   (no helmet)
rElec   .          Harm     .   (no cloak)
rCorr   .          Rampage  .   (no gloves)
Will    .....                   (no boots)
Stlth   ++........              (no amulet)
HPRegen 0.06/turn               f - +6 ring of dexterity
MPRegen 0.09/turn               (no ring)

@: flying
A: big brain 1
a: no special abilities


You were on level 2 of the Dungeon.
You visited 1 branch of the dungeon, and saw 2 of its levels.

You collected 29 gold pieces.

Inventory:

Hand Weapons
 d - a +0 spear (weapon)
Missiles
 c - 52 stones
Armour
 g - the +0 leather armour of Misanthropy (worn) {Fly rC- Int+5}
   (You found it on level 2 of the Dungeon)

   Int:       It affects your intelligence (+5).
   rC:        It makes you vulnerable to cold.
   Fly:       It grants you flight.
Jewellery
 f - a +6 ring of dexterity (left hand)
Scrolls
 e - a scroll of blinking {unknown}
Potions
 a - a potion of attraction {unknown}
 b - a potion of might {unknown}


   Skills:
 + Level 0.2 Fighting
 + Level 0.2 Short Blades
 + Level 0.6 Polearms
 + Level 2.1 Dodging
 + Level 1.8 Stealth
 + Level 2.0 Spellcasting
 + Level 0.8 Transmutations
 + Level 3.2 Earth Magic


You had 2 spell levels left.
You knew the following spells:

 Your Spells              Type           Power      Damage    Failure   Level
a - Sandblast             Erth           34%        2d9       4%          1
b - Passwall              Tmut/Erth      9%         N/A       12%         2

Your spell library contained the following spells:

 Spells                   Type           Power      Damage    Failure   Level
 Blink                    Tloc           4%         N/A       28%         2
 Stone Arrow              Conj/Erth      18%        3d8       28%         3
 Petrify                  Tmut/Erth      11%        N/A       63%         4
 Manifold Assault         Tloc           2%         N/A       99%         5
 Storm Form               Tmut/Air       2%         N/A       100%        7


Dungeon Overview and Level Annotations

Branches:
Dungeon (2/15)

Altars:
Nemelex Xobeh

Shops:
D:1 =

Annotations:
D:2 Ijyb


Innate Abilities, Weirdness & Mutations

You have an unusually large brain. (Int +2)


Message History

Okay, then.
The goblin shouts!
Unknown command.
Unknown command.
You aren't carrying any items that you can evoke.
Unknown command.
Unknown command.
Unknown command.
You hit the goblin but do no damage. The goblin closely misses you.
Unknown command.
You hit the goblin but do no damage. The goblin hits you with a +0 club.
Unknown command.
You hit the goblin.
The goblin is heavily wounded.
The goblin barely misses you.
Unknown command.
You hit the goblin but do no damage.
The goblin is heavily wounded.
The goblin barely misses you.
Unknown command.
You barely miss the goblin.
The goblin is heavily wounded.
The goblin misses you.
Unknown command.
You hit the goblin.
You kill the goblin!
Unknown command.
You barely miss the goblin. The goblin hits you with a +0 dagger.
Unknown command.
Casting: Sandblast (safe; 4% risk of failure)
Confirm with . or Enter, or press ? or * to list all spells.
Aiming: Sandblast (safe; 4% risk of failure)
Press: ? - help, Shift-Dir - straight line, f - Ijyb
Aim: Ijyb, wielding a +0 club, wearing a +0 leather armour and carrying a wand of iceblast (5) (74% to hit)
The blast of sand hits the goblin.
You kill the goblin!
Ijyb zaps a wand.
The mass of ice explodes!
The iceblast engulfs you!!
You feel a painful chill!
Ouch! That really hurt!
You die...

####.# #.#.##.# #
.######.###...##.###.##...
.......................#
...................#.#.#
...####.#....>##.###.#. ..
...................
###.#.##..######.#.#
#.####.#.##g.######.
.....†...@)gg.......
#.##########.######
.8.8.8$8..# .......g..#
?g.....g..# ...ggg....#
?.........# ..........#
.8.8.8.8..#


You could see Ijyb and 2 goblins.

Vanquished Creatures
  A ball python (D:1)
  4 endoplasms
  4 goblins
  3 hobgoblins
  5 kobolds (D:1)
  A quokka (D:2)
  2 bats (D:1)
  A frilled lizard (D:1)
  4 rats (D:1)
25 creatures vanquished.

Notes
Turn   | Place    | Note
-------+----------+-------------------------------------------
     0 | D:1      | protoss039 the Demonspawn Earth Elementalist began the
                  | quest for the Orb.
     0 | D:1      | Reached XP level 1. HP: 13/13 MP: 3/3
   363 | D:1      | Reached skill level 3 in Earth Magic
   490 | D:1      | Gained mutation: You have an unusually large brain. (Int
                  | +2) [demonic ancestry]
   490 | D:1      | Reached XP level 2. HP: 19/19 MP: 5/5
   857 | D:1      | Found Qeib's Jewellery Shoppe.
  1080 | D:1      | Learned a level 2 spell: Passwall
  1107 | D:2      | Found a sparkling altar of Nemelex Xobeh.
  1337 | D:2      | Identified the +0 leather armour of Misanthropy {Fly rC-
                  | Int+5}
  1402 | D:2      | Noticed Ijyb
  1417 | D:2      | Killed from afar by Ijyb

Illustrated notes

Levels and vault maps discovered:
D:1:      dpeg_arrival_fog, layout_loops_ring, serial_shops,
          nicolae_diamond_shop
D:2:      kennysheep_the_goblin_king, layout_basic, basic_altar,
          wander_ebering_terrifying_dragon_lair, uniq_sigmund, uniq_terence

Skill      XL: |  1 |
---------------+----+-----
Dodging        | 2 |  2.1
Earth Magic    | 3 |  3.2
Fighting       | |  0.2
Short Blades   | |  0.2
Polearms       | |  0.6
Stealth        | |  1.8
Spellcasting   | |  2.0
Transmutations | |  0.8

Action                   || total
-------------------------++-------
Melee: Unarmed           ||    20
       Spear             ||    56
       Short sword       ||     3
 Cast: Sandblast         ||    13
       Passwall          ||     1
 Stab: Sleeping          ||     7
Armor: Robe              ||    11
Dodge: Dodged            ||    43
